Map: Odyssey LE

Players

SamuraiFunn - Winner!

  • Race: Protoss Protoss
  • League: Platinum
  • Spawn Location: 5:00

RaitoKun

  • Race: Protoss Protoss
  • Spawn Location: 11:00

VOD

Have the link to the VOD?

Description

Time

  • Played on: Nov. 26, 2017, 12:20 a.m.
  • Length: 11:01
Show
View Real Time Build Order
Export as new Build Order

SamuraiFunn Protoss - Winner!

Build Orders: 1 Gate Expand 

Get SALT Encoding   

  12  0:01  Probe  
  13  0:14  Probe  
  14  0:24  Pylon  
  14  0:26  Probe  
  15  0:42  Probe  
  16  0:44  Gateway  
  16  0:54  Probe  
  17  1:06  Probe  
  18  1:18  Nexus  
  18  1:20  Probe  
  19  1:32  Probe  
  20  1:38  Cybernetics Core  
  20  1:44  Probe  
  21  1:58  Pylon, Assimilator  
  21  2:01  Probe  
  21  2:03  Assimilator  
  21  2:06  Pylon  
  22  2:31  Gateway  
  22  2:33  Gateway  
  22  2:34  Probe  
  22  2:36  Gateway  
  23  2:38  Probe  
  24  2:48  Probe  
  25  2:52  Warp Gate (Chrono Boost)  
  25  3:02  Probe x2  
  27  3:14  Probe  
  28  3:25  Twilight Council  
  28  3:32  Probe x2  
  30  3:44  Probe  
  32  3:48  Probe  
  32  4:04  Dark Shrine  
  32  4:21  Gateway  
  32  4:23  Gateway  
  32  4:35  Assimilator  
  32  4:36  Probe x2, Pylon  
  34  4:39  Assimilator  
  34  4:48  Probe x2  
  36  5:00  Probe  
  36  5:01  Probe  
  38  5:13  Probe x2  
  40  5:19  Dark Templar x2  
  40  5:20  Dark Templar x2  
  48  5:30  Dark Templar  
  48  5:59  Dark Templar  
  50  6:08  Zealot x3  
  50  6:09  Zealot  
  50  6:40  Dark Templar x2  
  48  7:23  Zealot  
  48  7:24  Zealot x5  
  60  7:32  Charge (Chrono Boost)  
  60  7:43  Gateway  
  60  7:44  Gateway  
  60  7:46  Probe x2  
  60  7:48  Gateway  
  62  8:00  Pylon  
  62  8:01  Pylon  
  62  8:02  Pylon  
  62  8:05  Pylon  
  62  8:18  Probe x2  
  64  8:22  Stalker x2  
  64  8:23  Stalker x4  
  68  8:50  Stalker x4  
  68  8:51  Stalker x2  
  68  9:22  Stalker  
  68  9:23  Stalker  
  68  9:24  Stalker x4  
  72  9:25  Stalker x3  
  72  9:54  Stalker x2  
  72  9:55  Stalker x5  
  86  10:12  Stalker  
  86  10:13  Stalker  
  88  10:44  Zealot x3  
  88  10:46  Zealot x2  
  94  10:52  Pylon  
  94  10:53  Pylon x2  
  94  10:54  Pylon  
  94  10:57  Pylon  
Show
View Real Time Build Order
Export as new Build Order

RaitoKun Protoss 

Build Orders: 1 Gate Expand 

Get SALT Encoding   

  12  0:02  Probe  
  13  0:16  Pylon  
  13  0:19  Probe  
  14  0:31  Probe  
  15  0:35  Gateway  
  15  0:43  Assimilator  
  15  0:45  Probe  
  16  1:17  Nexus  
  16  1:29  Cybernetics Core  
  16  1:37  Pylon  
  16  1:48  Pylon  
  16  2:01  Gateway  
  16  2:12  Pylon  
  16  2:23  Forge  
  16  2:31  Probe  
  17  2:42  Stalker  
  17  2:43  Probe  
  20  2:55  Pylon  
  20  3:04  Photon Cannon  
  20  3:11  Stalker  
  22  3:22  Pylon  
  22  3:30  Gateway  
  22  3:40  Assimilator  
  22  3:50  Photon Cannon  
  22  3:55  Probe  
  23  4:00  Protoss Ground Weapons Level 1  
  23  4:07  Probe  
  23  4:08  Stalker  
  26  4:19  Stalker  
  28  4:25  Probe  
  29  4:34  Assimilator  
  29  4:37  Probe  
  30  4:49  Probe  
  30  4:50  Probe  
  32  4:59  Pylon  
  32  5:02  Probe x2  
  34  5:09  Robotics Facility  
  34  5:15  Probe  
  35  5:22  Stalker  
  35  5:27  Probe  
  35  5:28  Stalker  
  40  5:34  Stalker  
  42  5:39  Probe  
  30  6:15  Observer  
  31  6:37  Immortal  
  35  6:53  Photon Cannon  
  35  6:59  Probe  
  36  7:07  Assimilator  
  36  7:11  Probe  
  38  7:24  Probe  
  39  7:34  Immortal  
  39  7:36  Probe, Stalker x2  
  39  7:37  Stalker  
  49  7:48  Probe  
  50  8:00  Probe  
  51  8:06  Stalker x2  
  51  8:07  Stalker  
  51  8:12  Probe  
  58  8:24  Probe  
  59  8:35  Photon Cannon  
  59  8:36  Probe, Stalker x3  
  40  9:36  Stalker x2  
  40  9:37  Stalker  
  18  10:01  Immortal  
  18  10:06  Stalker x2  
  18  10:07  Stalker  
Tags
 
Add a new tag
Caveats
  • Supply blocks, unpowered buildings, or Contaminate may cause inaccurate times.
  • Supply counts are checked every 10 seconds.